 Dungeon Crawl Stone Soup version 0.28-a0-1555-g9ae15a6949 (webtiles) character file.

Game seed: 16429018889661750095

123 Hasart the Insei (level 5, -1/34 HPs)
             Began as an Octopode Transmuter on Jan 18, 2022.
             Slain by Grinder (2 damage)
             ... on level 3 of the Dungeon.
             The game lasted 00:03:23 (2418 turns).

Hasart the Insei (Octopode Transmuter)              Turns: 2418, Time: 00:03:23

Health: -1/34      AC:  1    Str: 10    XL:     5   Next: 7%
Magic:  5/8        EV: 13    Int: 17    God:
Gold:   126        SH:  0    Dex: 12    Spells: 3/9 levels left

rFire   . . .      SeeInvis .     - Unarmed
rCold   . . .      Faith    .   (no shield)
rNeg    + . .      Spirit   .   (helmet restricted)
rPois   .          Reflect  .   (no amulet)
rElec   .          Harm     .   c - ring of positive energy
rCorr   .          Rampage  .   l - ring of willpower
Will    +....                   (no ring)
Stlth   ++........              (no ring)
HPRegen 0.11/turn               (no ring)
MPRegen 0.11/turn               (no ring)
                                (no ring)
                                (no ring)

@: no status effects
A: almost no armour, amphibious, 8 rings, camouflage 1, gelatinous body 1,
(nimble swimmer 1), tentacles
a: no special abilities


You were on level 3 of the Dungeon.
You visited 1 branch of the dungeon, and saw 3 of its levels.

You collected 126 gold pieces.

Inventory:

Jewellery
 c - a ring of positive energy (left tentacle)
 l - a ring of willpower (right tentacle)
Scrolls
 b - 3 scrolls of blinking {unknown}
 d - a scroll of teleportation {unknown}
 g - 2 scrolls of amnesia {unknown}
 j - 2 scrolls of fear {unknown}
 k - a scroll of torment {unknown}
Potions
 a - 5 potions of curing {unknown}
 e - a potion of cancellation {unknown}
 f - 2 potions of mutation {unknown}
 h - a potion of attraction {unknown}
 i - a potion of ambrosia {unknown}


   Skills:
 + Level 1.9 Fighting
 + Level 2.8 Dodging
 * Level 4.0 Unarmed Combat
 + Level 2.5 Spellcasting
 + Level 2.6 Transmutations
 + Level 0.6 Poison Magic


You had 3 spell levels left.
You knew the following spells:

 Your Spells              Type           Power      Damage    Failure   Level
a - Beastly Appendage     Tmut           22%        N/A       6%          1
b - Wereblood             Tmut           11%        N/A       10%         2
c - Spider Form           Tmut/Pois      7%         N/A       28%         3

Your spell library contained the following spells:

 Spells                   Type           Power      Damage    Failure   Level
 Ice Form                 Ice/Tmut       6%         N/A       71%         4


Dungeon Overview and Level Annotations

Branches:
Dungeon (3/15)

Altars:

Annotations:
D:3 Grinder


Innate Abilities, Weirdness & Mutations

You cannot wear most types of armour.
You are amphibious.
You can wear up to eight rings at the same time.
Your skin changes colour to match your surroundings (Stealth+).
Your rubbery body absorbs attacks. (AC +1, EV +1)
((You are camouflaged when in or above water. (Stealth+)))
You have tentacles for arms and can constrict up to eight enemies at once.


Message History

Your transformation is almost over.
Grinder blinks!
Unknown command.
You hit Grinder but do no damage.
An adder comes into view.
Grinder says, "There's only one good use for a tongue: cutting it out."
Grinder hits you.
You writhe in agony.
You completely miss Grinder. Grinder hits you!
You writhe in agony.
The adder hisses angrily.
You hit Grinder.
Grinder is lightly wounded.
Grinder misses you.
You barely miss Grinder.
Grinder is lightly wounded.
Grinder gestures at you.
You suddenly lose the ability to move!
The adder bites you. Grinder hits you.
You can move again.
Unknown command.
Unknown command.
Unknown command.
You hit Grinder.
Grinder is lightly wounded.
The adder misses you. Grinder barely misses you.
Unknown command.
You hit Grinder.
Grinder is poisoned.
Grinder is lightly wounded.
The adder misses you. Grinder closely misses you. The adder bites you.
Unknown command.
Grinder completely misses you.
You closely miss the adder. The adder misses you.
Grinder completely misses you.
Unknown command.
You bite the adder!
The adder is poisoned.
The adder is severely wounded.
Your transformation has ended.
The adder completely misses you. Grinder hits you!
* * * LOW HITPOINT WARNING * * *
You writhe in agony.
You die...

#.# .# #.# #. .## #.# .. # ..
#.##.#. ... .. ...... ####.# .
#...# ...... #. #..# ...#># ..
#.###.# ##...# ....#..@S.#
#..## #.##.....5.#######
#...###.####.#.......... #
#...##.# #.#...####### ..
#.#..#.###..#.#.......## .##
#.##.#..... #.##.......###....
##.##.#..####..#.....†>.....#
###.)##..............<.....####
#...........##..##.........#


You could see Grinder (very poisoned) and an adder (very poisoned).

Vanquished Creatures
  Jessica (D:2)
  4 adders
  A worm (D:2)
  A dart slug (D:1)
  An orc (D:2)
  A ball python (D:1)
  7 endoplasms
  A giant cockroach (D:3)
  2 goblins (D:1)
  11 hobgoblins
  5 kobolds
  4 quokkas
  5 bats
  2 frilled lizards
  4 rats
50 creatures vanquished.

Notes
Turn   | Place    | Note
-------+----------+-------------------------------------------
     0 | D:1      | Hasart the Octopode Transmuter began the quest for the Orb.
     0 | D:1      | Reached XP level 1. HP: 13/13 MP: 3/3
   216 | D:1      | Reached XP level 2. HP: 18/18 MP: 5/5
   223 | D:1      | Learned a level 2 spell: Wereblood
   506 | D:1      | Reached XP level 3. HP: 23/23 MP: 6/6
  1668 | D:2      | Reached XP level 4. HP: 25/29 MP: 7/7
  1672 | D:2      | Learned a level 3 spell: Spider Form
  2055 | D:2      | Noticed Jessica
  2073 | D:2      | Killed Jessica
  2298 | D:3      | Reached XP level 5. HP: 34/34 MP: 8/8
  2312 | D:3      | Reached skill level 4 in Unarmed Combat
  2403 | D:3      | Noticed Grinder
  2412 | D:3      | Paralysed by Grinder for 2 turns
  2418 | D:3      | HP: 1/34 [Grinder (10)]
  2418 | D:3      | Slain by Grinder

Illustrated notes

Levels and vault maps discovered:
D:1:      dpeg_arrival_pits, layout_rooms, st_stairs_13
D:2:      layout_basic, kennysheep_cluttered_room, kennysheep_jessica_study
D:3:      layout_rooms, led_xom_imps, basic_ecumenical_altar, item_on_display_a,
          uniq_grinder, uniq_natasha

Skill      XL: |  1  2  3  4  5 |
---------------+----------------+-----
Unarmed Combat | 4 |  4.0
Fighting       | |  1.9
Dodging        | |  2.8
Spellcasting   | |  2.5
Transmutations | |  2.6
Poison Magic   | |  0.6

Action                   |  1- 3 |  4- 6 || total
-------------------------+-------+-------++-------
Melee: Unarmed           |    81 |    41 ||   122
       Tentacles         |    14 |     9 ||    23
       Constrict         |    16 |     8 ||    24
       Punch             |     2 |     3 ||     5
       Kick              |       |     6 ||     6
 Cast: Beastly Appendage |       |     3 ||     3
       Wereblood         |       |     1 ||     1
       Spider Form       |       |     1 ||     1
 Stab: Sleeping          |    10 |     3 ||    13
Armor: Skin              |    12 |       ||    12
Dodge: Dodged            |    62 |    28 ||    90

Table legend: (Time is in decaauts)
 A = Elapsed time spent in this place.
 B = Non-inter-level travel time spent in this place.
 C = Inter-level travel time spent in this place.
 D = Time resting spent in this place.
 E = Time spent auto-exploring this place.
 F = Levels seen in this place.
 G = Mean time per level.
                   A        B        C        D        E       F      G
               +--------+--------+--------+--------+--------+-----+--------+
         Total |   2409 |   2370 |     39 |      0 |   1979 |   3 |  803.0 |
       Dungeon |   2409 |   2370 |     39 |      0 |   1979 |   3 |  803.0 |
               +--------+--------+--------+--------+--------+-----+--------+

Top non-repeatable levels by time:
     D:2: 1301 daAuts
     D:1: 849 daAuts
     D:3: 258 daAuts
